 Dungeon Crawl Stone Soup version 0.20.1-1-g8b1a95d (webtiles) character file.

865 Kingsmith the Conjurer (level 7, 0/36 HPs)
             Began as a Deep Elf Conjurer on Dec 7, 2017.
             Slain by a yak (9 damage)
             ... on level 5 of the Dungeon.
             The game lasted 00:10:45 (4223 turns).

Kingsmith the Conjurer (Deep Elf Conjurer)          Turns: 4223, Time: 00:10:45

Health: 0/36       AC:  2    Str:  7    XL:     7   Next: 72%
Magic:  9/18       EV: 12    Int: 20    God:
Gold:   202        SH:  3    Dex: 15    Spells: 4/18 levels left

rFire    . . .     SeeInvis .   e - +0 whip
rCold    . . .     Gourm    .   k - +0 buckler
rNeg     . . .     Faith    .   a - +0 robe
rPois    +         Spirit   .   (no helmet)
rElec    .         Reflect  .   (no cloak)
rCorr    .         Harm     .   (no gloves)
MR       .....                  (no boots)
Stlth    ++........             (no amulet)
Regen    0.2/turn               g - ring of poison resistance
MPRegen  0.2/turn               (no ring)

@: no status effects
A: no striking features
a: no special abilities


You were on level 5 of the Dungeon.
You were not hungry.

You visited 1 branch of the dungeon, and saw 5 of its levels.

You collected 202 gold pieces.

Inventory:

Hand Weapons
 e - a +0 whip (weapon)
 s - a +0 spear
Armour
 a - a +0 robe (worn)
 k - a +0 buckler (worn)
Jewellery
 g - a ring of poison resistance (left hand)
 w - an uncursed ring of see invisible {unknown}
Wands
 t - a wand of iceblast (9/15)
Scrolls
 b - a scroll of amnesia {unknown}
 f - 3 scrolls of remove curse
 h - 8 scrolls of identify
 j - a scroll of magic mapping {unknown}
 m - a scroll of enchant armour {unknown}
 n - 2 scrolls of noise {unknown}
 p - 2 scrolls of teleportation {unknown}
 y - a scroll of fear {unknown}
Potions
 d - 4 potions of curing
 i - 3 potions of invisibility
 q - 2 potions of haste {unknown}
 r - 2 potions of flight {unknown}
 u - a potion of brilliance {unknown}
 x - a potion of lignification {unknown}
 z - a potion of ambrosia {unknown}
Books
 v - a book of Conjurations

   Spells                             Type                      Level
   a - Magic Dart                     Conjuration                  1
   b - Searing Ray                    Conjuration                  2
   c - Dazzling Spray                 Conjuration/Hexes            3
   d - Fulminant Prism                Conjuration/Hexes            4
   e - Force Lance                    Conjuration/Translocation    4
   f - Iskenderun's Mystic Blast      Conjuration                  4
Comestibles
 c - 2 bread rations
 l - 3 royal jellies
 o - 7 fruits
 A - 5 chunks of flesh


   Skills:
 - Level 2.4 Dodging
 - Level 2.4 Stealth
 - Level 6.3 Spellcasting
 + Level 7.5 Conjurations
 - Level 4.0 Hexes
 - Level 4.1 Translocations


You had 4 spell levels left.
You knew the following spells:

 Your Spells              Type           Power        Failure   Level  Hunger
a - Magic Dart            Conj           ####         1%          1    None
b - Searing Ray           Conj           #####.       1%          2    None
c - Dazzling Spray        Conj/Hex       ####..       4%          3    ##.....
d - Iskenderun's Mystic   Conj           #####...     8%          4    ####...
e - Force Lance           Conj/Tloc      ####....     16%         4    ####...


Dungeon Overview and Level Annotations

Branches:
Dungeon (5/15)
 Temple: D:4-7

Altars:


Message History

The yak is severely wounded.
The yak gores you.
* * * LOW HITPOINT WARNING * * *
The searing ray hits the yak.
You kill the yak!
Your Conjurations skill increases to level 7!
The searing ray hits the yak.
The yak is severely wounded.
You finish channeling your searing ray.
A yak comes into view.
Press: ? - help, v - describe, . - travel A rock wall.
The yak snorts and paws the ground.
The yak closely misses you.
You see here a dagger.
You see here a giant spiked club.
Found a stone staircase leading down.
There is a stone staircase leading up here.
The yak gores you!
You die...

#.#############
#.............# .
#.Y##########.# ..
#..##########.#
...#..........##.#
........Y.........#
.........Y.....####
..........Y......##
.......###@##.....#
....#.## #.##.##.##
>..... #.##.####
...#. #.##.# ..
#.#... ..#### ###


You could see 4 yaks.

Vanquished Creatures
  2 yaks (D:5)
  2 ogres
  A phantom (D:3)
  A scorpion (D:4)
  An orc wizard (D:3)
  2 orc priests (D:3)
  The ghost of letownia2 the Grave Robber, a weakling DDNe (D:3)
  3 gnolls (D:2)
  A worker ant zombie (D:5)
  5 adders
  2 oozes
  A worm (D:4)
  A dart slug (D:3)
  5 leopard geckos
  7 orcs
  7 bats
  2 giant cockroaches
  7 goblins
  11 hobgoblins
  5 jackals
  2 quokkas
  2 ball pythons
  8 frilled lizards
  4 kobolds
  17 rats
100 creatures vanquished.

Notes
Turn   | Place    | Note
-------+----------+-------------------------------------------
     0 | D:1      | Kingsmith the Deep Elf Conjurer began the quest for the Orb.
     0 | D:1      | Reached XP level 1. HP: 10/10 MP: 6/6
   224 | D:1      | Reached XP level 2. HP: 15/15 MP: 5/8
   237 | D:1      | Learned a level 2 spell: Searing Ray
   935 | D:1      | Reached XP level 3. HP: 19/19 MP: 9/11
  1131 | D:2      | Reached skill level 5 in Spellcasting
  1585 | D:2      | Reached XP level 4. HP: 24/24 MP: 7/13
  1600 | D:2      | Learned a level 3 spell: Dazzling Spray
  1605 | D:2      | Learned a level 4 spell: Iskenderun's Mystic Blast
  1610 | D:2      | Learned a level 4 spell: Force Lance
  1829 | D:2      | Reached skill level 1 in Hexes
  2118 | D:2      | Reached skill level 1 in Translocations
  2325 | D:3      | Reached XP level 5. HP: 28/28 MP: 10/15
  2627 | D:3      | Noticed letownia2's ghost (weakling DDNe)
  2887 | D:3      | Killed letownia2's ghost
  2963 | D:3      | Noticed a phantom
  2983 | D:3      | Killed a phantom
  2983 | D:3      | Reached XP level 6. HP: 23/32 MP: 0/17
  3811 | D:4      | Reached skill level 5 in Conjurations
  4025 | D:5      | Entered Level 5 of the Dungeon
  4128 | D:5      | Reached XP level 7. HP: 36/36 MP: 13/18
  4169 | D:5      | Noticed a yak
  4171 | D:5      | Noticed a yak
  4174 | D:5      | Noticed a yak
  4175 | D:5      | Noticed a yak
  4179 | D:5      | Killed a yak
  4179 | D:5      | Reached skill level 6 in Conjurations
  4183 | D:5      | Noticed a yak
  4184 | D:5      | Killed a yak
  4184 | D:5      | Reached skill level 7 in Conjurations
  4185 | D:5      | Noticed a yak
  4223 | D:5      | Slain by a yak

Skill      XL: |  1  2  3  4  5  6  7 |
---------------+----------------------+-----
Spellcasting   | 4 5 6 |  6.3
Hexes          | 2 4 |  4.0
Translocations | 1 3 4 |  4.1
Conjurations   | 5 7 |  7.5
Dodging        | |  2.4
Stealth        | |  2.4

Action                   |  1- 3 |  4- 6 |  7- 9 || total
-------------------------+-------+-------+-------++-------
Melee: Unarmed           |    12 |       |       ||    12
       Whip              |     1 |    18 |       ||    19
 Cast: Magic Dart        |    64 |   112 |       ||   176
       Searing Ray       |     4 |    15 |     4 ||    23
  Use: Scroll            |     2 |     2 |       ||     4
  Eat: Chunk             |     2 |     7 |     1 ||    10
Armor: Robe              |     4 |     4 |       ||     8
Dodge: Dodged            |    11 |    33 |     3 ||    47
Block: Buckler           |     1 |     8 |       ||     9
